[Event "Titled Tuesday Blitz May 9 Early 2023"]
[White "Bettalli, Francesco"]
[Black "bubeliang"]
[WhiteFideId "2816453"]
[WhiteElo "2216"]
[BlackElo "2645"]
[Result "1/2-1/2"]
[Round "06"]
[TimeControl "180+2"]
[Date "2023.05.09"]
[WhiteClock "0:02:06"]
[BlackClock "0:00:58"]

1. d4 d5 2. Nc3 Nf6 3. Bf4 c5 4. e3 cxd4 5. exd4 a6 6. Nf3 Nc6 7. Be2 e6 8. O-O Be7 9. Ne5 O-O 10. Qd2 Nxe5 11. dxe5 Nd7 12. Rad1 b5 13. a3 Nb6 14. Qe3 Nc4 15. Bxc4 bxc4 16. b4 cxb3 17. cxb3 Bxa3 18. Na4 Rb8 19. Bg3 Bd7 20. f4 Bxa4 21. bxa4 Qb6 22. Bf2 Qxe3 23. Bxe3 Rfc8 24. f5 Bc5 25. Bxc5 Rxc5 26. fxe6 fxe6 27. Rb1 Rxb1 28. Rxb1 d4 29. Rb6 Rxe5 30. Rxa6 Kf7 31. Kf2 Re3 32. Rd6 e5 33. a5 Ra3 34. a6 h6 35. Rd7+ Kf6 36. a7 g6 37. h4 Kf5 38. Ke2 Ke4 39. Kd2 Ra2+ 40. Kc1 Ke3 41. g4 e4 42. Kb1 Ra6 43. Kc2 d3+ 44. Kc3 Ke2 45. Rd4 e3 46. Rxd3 Rxa7 47. Rd6 g5 48. Rxh6 Rc7+ 49. Kd4 gxh4 50. Rxh4 Kf3 51. Rh3+ Kf4 52. Kd3 Rd7+ 53. Ke2 Rd2+ 54. Ke1 Ra2 55. g5 Ra5 56. g6 Rg5 57. Rh4+ Kf3 58. Rh3+ Ke4 59. Rh8 Rg1+ 60. Ke2 Rg2+ 61. Ke1 Rxg6 62. Re8+ Kd4 63. Rd8+ Kc3 64. Rc8+ Kd3 65. Rd8+ 1/2-1/2


[Site "https://www.chess.com"]

[Event "Titled Tuesday Blitz May 9 Early 2023"]
[White "Devaev, Alexander"]
[Black "Koellner, Ruben Gideon"]
[WhiteFideId "4169395"]
[BlackFideId "12993093"]
[WhiteElo "2172"]
[BlackElo "2314"]
[Result "1-0"]
[Round "06"]
[TimeControl "180+2"]
[Date "2023.05.09"]
[WhiteClock "0:00:14"]
[BlackClock "0:00:30"]

1. Nf3 d6 2. d4 Nf6 3. c4 g6 4. Nc3 Bf5 5. Nh4 Bd7 6. Nf3 Bf5 7. Nh4 Bd7 8. Nf3 Bg7 9. e4 O-O 10. h3 c5 11. d5 Re8 12. Bg5 Be6 13. dxe6 fxe6 14. e5 Nh5 15. exd6 Qxd6 16. Be2 Nc6 17. O-O Nd4 18. Nxd4 cxd4 19. Ne4 Qe5 20. Bxh5 Qxe4 21. Bf3 Qf5 22. Qd2 e5 23. Rae1 Rac8 24. Bg4 Qf7 25. Bxc8 Rxc8 26. b3 Qf5 27. f3 b5 28. Rc1 e4 29. fxe4 Qxe4 30. Rfe1 Qf5 31. Rxe7 d3 32. Rxg7+ Kxg7 33. Be3 Re8 34. cxb5 Qe4 35. Re1 Kg8 36. a4 Qd5 37. Rd1 Qxb3 38. Bf2 Rd8 39. Re1 Qxa4 40. Re7 Qa1+ 41. Kh2 Qf6 42. Rxa7 g5 43. Bg3 h5 44. Qa2+ Kh8 45. Rf7 Qd4 46. Qe6 Qg7 47. Rxg7 Kxg7 48. Be5+ Kf8 49. Qf6+ Ke8 50. Qg6+ Kd7 51. Qxg5 Kc8 52. Bf4 Rd7 53. Bd2 Kb7 54. Qxh5 Kb6 55. Qf3 Rd6 56. Qe3+ Kxb5 57. Qe5+ Kc6 58. Qxd6+ Kxd6 59. h4 Kd5 60. g4 Ke6 61. h5 Kf7 62. Kg3 Kg8 63. Kf4 Kh7 64. Ke4 Kg8 65. Kxd3 Kh7 66. Ke4 Kg8 67. Kf5 Kh7 68. g5 Kg8 69. Bc3 Kh7 70. g6+ Kg8 71. h6 Kf8 72. h7 Ke7 73. h8=Q Kd7 74. Qe5 Kc6 75. g7 Kb6 76. Ke4 Kb7 77. Be1 Ka8 78. Bg3 Kb7 79. Qd5+ Ka6 80. Qc6+ Ka5 81. Be1# 1-0


[Site "https://www.chess.com"]

[Event "Titled Tuesday Blitz May 9 Early 2023"]
[White "Aldokhin, Ivan"]
[Black "Liu, Casper"]
[WhiteFideId "24115720"]
[BlackFideId "1454153"]
[WhiteElo "2322"]
[BlackElo "2221"]
[Result "1-0"]
[Round "06"]
[TimeControl "180+2"]
[Date "2023.05.09"]
[WhiteClock "0:01:21"]
[BlackClock "0:00:24"]

1. e4 Nf6 2. e5 Nd5 3. Nc3 e6 4. Nxd5 exd5 5. d4 d6 6. f4 dxe5 7. dxe5 Bc5 8. Nf3 O-O 9. Bd3 f6 10. h4 Bg4 11. Bxh7+ Kxh7 12. Ng5+ fxg5 13. hxg5+ Kg8 14. Qxg4 g6 15. Rh6 Kg7 16. Qh3 Rh8 17. f5 Nc6 18. f6+ Kf7 19. e6+ Ke8 20. Rxh8+ Bf8 21. Qh7 Ne5 22. Rxf8+ Kxf8 23. Qh8# 1-0


[Site "https://www.chess.com"]

[Event "Titled Tuesday Blitz May 9 Early 2023"]
[White "Abdilkhair, Abilmansur"]
[Black "Wadsworth, Matthew J"]
[WhiteFideId "13716417"]
[BlackFideId "415804"]
[WhiteElo "2215"]
[BlackElo "2347"]
[Result "1-0"]
[Round "06"]
[TimeControl "180+2"]
[Date "2023.05.09"]
[WhiteClock "0:01:04"]
[BlackClock "0:00:31"]

1. d4 Nf6 2. c4 c5 3. d5 e6 4. Nc3 exd5 5. cxd5 d6 6. Nf3 g6 7. Bg5 h6 8. Bh4 g5 9. Bg3 Nh5 10. e4 Nxg3 11. hxg3 Bg7 12. Bb5+ Nd7 13. O-O a6 14. Bd3 b5 15. Qe2 O-O 16. a4 c4 17. Bc2 b4 18. Nd1 c3 19. bxc3 bxc3 20. Ra3 a5 21. Nxc3 Ba6 22. Nb5 Nc5 23. Rb1 Re8 24. Nd2 f5 25. Qh5 fxe4 26. Qg6 Bxb5 27. axb5 Qf6 28. Qxf6 Bxf6 29. Nc4 Nb7 30. Re1 Bb2 31. Nxb2 1-0


[Site "https://www.chess.com"]

[Event "Titled Tuesday Blitz May 9 Early 2023"]
[White "Sadykov, Ramil"]
[Black "Pinto, Daniel"]
[WhiteFideId "24113590"]
[BlackFideId "3303144"]
[WhiteElo "2245"]
[BlackElo "2145"]
[Result "1/2-1/2"]
[Round "06"]
[TimeControl "180+2"]
[Date "2023.05.09"]
[WhiteClock "0:00:03"]
[BlackClock "0:00:06"]

1. Nf3 c5 2. e4 Nc6 3. Bb5 g6 4. Bxc6 dxc6 5. d3 Qc7 6. Be3 e5 7. Qd2 h6 8. Qc3 b6 9. Qxe5+ Qxe5 10. Nxe5 Bg7 11. f4 Nf6 12. Nd2 Ng4 13. Nxg4 Bxg4 14. Rb1 Be6 15. Nc4 O-O-O 16. e5 f6 17. exf6 Bxf6 18. Kf2 Rhf8 19. Rhe1 Bd5 20. Kg3 b5 21. Nd2 c4 22. dxc4 bxc4 23. c3 Rf7 24. Rbd1 g5 25. Nf3 gxf4+ 26. Bxf4 Rg8+ 27. Kf2 Bxc3 28. bxc3 Rxf4 29. Re7 Rf7 30. Rxf7 Bxf7 31. Ne5 Bd5 32. g4 Rf8+ 33. Kg3 Kc7 34. h4 Kd6 35. Re1 Rg8 36. Kf4 Rf8+ 37. Kg3 Rg8 38. h5 Rg5 39. Kf4 Rg8 40. Ng6 Rg7 41. g5 Rf7+ 42. Kg4 Be6+ 43. Kh4 hxg5+ 44. Kxg5 Rf5+ 45. Kh6 Rf3 46. Kg7 Rf7+ 47. Kh6 Rf3 48. Kg7 Rf7+ 49. Kh6 Rf3 1/2-1/2


[Site "https://www.chess.com"]

[Event "Titled Tuesday Blitz May 9 Early 2023"]
[White "Akash G"]
[Black "Gutkin, Ilya"]
[WhiteFideId "5040299"]
[BlackFideId "16203470"]
[WhiteElo "2395"]
[BlackElo "2265"]
[Result "1-0"]
[Round "06"]
[TimeControl "180+2"]
[Date "2023.05.09"]
[WhiteClock "0:00:20"]
[BlackClock "0:00:00"]

1. e4 e6 2. d4 d5 3. Nc3 Nf6 4. e5 Nfd7 5. f4 c5 6. Nf3 Nc6 7. Be3 a6 8. Qd2 b5 9. dxc5 Bxc5 10. Bd3 Qb6 11. Bf2 O-O 12. O-O f6 13. exf6 Nxf6 14. Rae1 Bxf2+ 15. Qxf2 Qxf2+ 16. Kxf2 Ng4+ 17. Kg3 Nf6 18. Ne5 Nd4 19. Ne2 Nxe2+ 20. Rxe2 Ra7 21. Kh4 Rc7 22. g4 Bb7 23. Kg3 Ne4+ 24. Kg2 g6 25. h4 Kg7 26. g5 h5 27. gxh6+ Kxh6 28. Kh3 Rf6 29. Ng4+ Kg7 30. Nxf6 Kxf6 31. Rg1 Rh7 32. Reg2 Rh6 33. Kg4 Bc6 34. Kf3 Bb7 35. Ke3 Kf7 36. Rg4 Kf6 37. Kd4 Bc6 38. Bxe4 dxe4 39. Kc5 Bd5 40. R1g3 Bc4 41. Kd4 Rh5 42. Kxe4 Bd5+ 43. Ke3 Rh6 44. b3 b4 45. Kd4 a5 46. Kc5 Be4 47. Kb5 Rh5+ 48. Kb6 Bxc2 49. Rg5 Rxh4 50. R3g4 Rxg4 51. Rxg4 Kf5 52. Rh4 Bb1 53. Kxa5 Bxa2 54. Kxb4 e5 55. fxe5 Kxe5 56. Rh1 g5 57. Ra1 Bxb3 58. Kxb3 Ke4 59. Kc3 Ke3 60. Rg1 Kf4 61. Kd2 g4 62. Ke2 g3 63. Kf1 Kf3 64. Rg2 Kf4 65. Ra2 Kf3 66. Ra3+ 1-0


[Site "https://www.chess.com"]

[Event "Titled Tuesday Blitz May 9 Early 2023"]
[White "Yaniuk, Volodymyr"]
[Black "Titichoca Daza, Daniel"]
[WhiteFideId "14133083"]
[BlackFideId "3309550"]
[WhiteElo "2141"]
[BlackElo "2101"]
[Result "1-0"]
[Round "06"]
[TimeControl "180+2"]
[Date "2023.05.09"]
[WhiteClock "0:02:10"]
[BlackClock "0:00:20"]

1. d4 Nf6 2. c4 e6 3. g3 d5 4. Bg2 h6 5. Nc3 Nc6 6. cxd5 exd5 7. Nf3 Bd6 8. O-O O-O 9. Nb5 Be7 10. Bf4 Ne8 11. Rc1 a6 12. Nc3 Nf6 13. Ne5 Nb8 14. e4 dxe4 15. Nxe4 Nd5 16. Bd2 Nd7 17. Nxd7 Bxd7 18. Nc5 Bc6 19. Qb3 Bf6 20. Nxb7 Bxb7 21. Qxb7 Rb8 22. Qxd5 1-0


[Site "https://www.chess.com"]

[Event "Titled Tuesday Blitz May 9 Early 2023"]
[White "Van Dael, Siem"]
[Black "Gontcharov, Vladislav"]
[WhiteFideId "1049771"]
[BlackFideId "4123492"]
[WhiteElo "2336"]
[BlackElo "2420"]
[Result "1-0"]
[Round "06"]
[TimeControl "180+2"]
[Date "2023.05.09"]
[WhiteClock "0:00:08"]
[BlackClock "0:00:19"]

1. e4 e6 2. d4 d5 3. Nc3 Bb4 4. e5 c5 5. a3 Bxc3+ 6. bxc3 Ne7 7. Qg4 O-O 8. Bd3 Nbc6 9. Nf3 f5 10. exf6 Rxf6 11. Bg5 Rf7 12. Qh5 g6 13. Qh4 Qa5 14. O-O c4 15. Be2 Qxc3 16. Bd2 Qxc2 17. Rfc1 Qf5 18. Ng5 Qf6 19. Be3 Nf5 20. Qg4 h5 21. Qh3 Nfxd4 22. Bf1 e5 23. Qg3 Rg7 24. Bxd4 Nxd4 25. h4 Nb3 26. Re1 Nxa1 27. Rxe5 Bf5 28. Rxd5 Bd3 29. Rd6 Qb2 30. Ne6 Qc1 31. Nxg7 Qxf1+ 32. Kh2 Rf8 33. Nf5 Bxf5 34. Rxg6+ Kf7 35. Rg7+ Ke6 36. Qe3+ Kd5 37. Re7 Qd3 38. Qe5+ Kc6 39. Qc7+ Kb5 40. Qxb7+ Ka4 41. Qb4# 1-0


[Site "https://www.chess.com"]

[Event "Titled Tuesday Blitz May 9 Early 2023"]
[White "Gatterer, Florian"]
[Black "Reprintsev, Alexander"]
[WhiteFideId "811688"]
[BlackFideId "14100541"]
[WhiteElo "2221"]
[BlackElo "2218"]
[Result "1-0"]
[Round "06"]
[TimeControl "180+2"]
[Date "2023.05.09"]
[WhiteClock "0:00:13"]
[BlackClock "0:00:35"]

1. c4 e5 2. g3 c6 3. d4 e4 4. d5 Nf6 5. Bg2 Bb4+ 6. Bd2 Qe7 7. Bxb4 Qxb4+ 8. Qd2 Qxd2+ 9. Nxd2 cxd5 10. cxd5 Nxd5 11. Nxe4 Nc6 12. Nd6+ Ke7 13. Nxc8+ Rhxc8 14. Bxd5 Nb4 15. Bb3 Nc2+ 16. Bxc2 Rxc2 17. Nf3 Rxb2 18. e3 Rc8 19. O-O Rcc2 20. Nd4 Rd2 21. Rab1 b6 22. Rxb2 Rxb2 23. Ra1 a6 24. a4 g6 25. Kg2 d5 26. Ra3 Rb4 27. Rb3 Rxa4 28. Rxb6 Ra1 29. Rb7+ Kf6 30. Ra7 h5 31. h4 Kg7 32. Nc6 Kf8 33. Nb4 a5 34. Nxd5 Kg7 35. Nb6 Kg8 36. Ra6 Kg7 37. e4 f6 38. Kf3 Ra3+ 39. Kf4 Ra2 40. f3 Ra1 41. e5 fxe5+ 42. Kg5 Ra3 43. Ra7+ Kf8 44. Nd7+ Ke8 45. Nxe5 a4 46. Nxg6 Rxf3 47. Kxh5 Rxg3 48. Rxa4 Kf7 49. Ra7+ Kf6 50. Nf4 Rg1 51. Ra6+ Kf7 52. Ne6 Kf6 53. Ng5+ Kf5 54. Kh6 Rb1 55. h5 Rb5 56. Nf7 Rb1 57. Kg7 Rg1+ 58. Rg6 1-0


[Site "https://www.chess.com"]

[Event "Titled Tuesday Blitz May 9 Early 2023"]
[White "micke12a"]
[Black "Janaszak, Dawid"]
[BlackFideId "1119206"]
[WhiteElo "2385"]
[BlackElo "2220"]
[Result "0-1"]
[Round "06"]
[TimeControl "180+2"]
[Date "2023.05.09"]
[WhiteClock "0:00:00"]
[BlackClock "0:00:25"]

1. d4 d5 2. Nf3 c5 3. e3 Nc6 4. c3 Nf6 5. dxc5 e5 6. b4 a5 7. b5 Nb8 8. Nxe5 Bxc5 9. a4 O-O 10. Be2 Qe7 11. Nd3 Bd6 12. Ba3 Ne4 13. Bxd6 Qxd6 14. O-O Bf5 15. Nf4 Rd8 16. Qd4 Nd7 17. Nd2 Ndf6 18. Nxe4 Nxe4 19. Rfd1 Be6 20. c4 Nc5 21. Qb2 Rac8 22. Nxd5 Qf8 23. Bf3 Nd7 24. Rac1 b6 25. Nf4 Nc5 26. Qa3 Qe7 27. Nd5 Bxd5 28. Rxd5 Rxd5 29. Bxd5 Qf6 30. Rd1 g6 31. h3 h5 32. Rd2 Rc7 33. Bf3 Kh7 34. Kh2 Re7 35. Qa2 Qe5+ 36. g3 Qf6 37. Bg2 Qc3 38. Qb2 Qxc4 39. Qf6 Qe6 40. Qxe6 Rxe6 41. Rd4 Rf6 42. f4 Re6 43. e4 f6 44. Kg1 g5 45. f5 Re5 46. Kf2 Kg7 47. Ke3 Re7 48. h4 g4 49. Kf4 Nb3 50. Rd6 Rc7 51. Rxb6 Rc2 52. Rb7+ Kh6 53. e5 fxe5+ 54. Kxe5 Rxg2 55. Kf6 Rd2 56. Rb8 Rd6+ 57. Ke7 Rd3 58. f6 Re3+ 59. Kf7 Kh7 60. Rg8 Rxg3 61. Rg5 Kh6 62. b6 Rd3 63. Ke6 Nd4+ 0-1


[Site "https://www.chess.com"]

[Event "Titled Tuesday Blitz May 9 Early 2023"]
[White "Kirillov, Dmitry"]
[Black "Vlassov, Nikolai"]
[WhiteFideId "34180572"]
[BlackFideId "4103360"]
[WhiteElo "2161"]
[BlackElo "2324"]
[Result "1-0"]
[Round "06"]
[TimeControl "180+2"]
[Date "2023.05.09"]
[WhiteClock "0:00:04"]
[BlackClock "0:00:00"]

1. e4 Nc6 2. Nf3 d5 3. exd5 Qxd5 4. Nc3 Qa5 5. d4 Bg4 6. Be2 O-O-O 7. Be3 Nf6 8. O-O e5 9. d5 Nxd5 10. Nxd5 Rxd5 11. Nd2 Bxe2 12. Qxe2 Be7 13. Qg4+ Kb8 14. Nb3 Qb4 15. Qxg7 Rhd8 16. Qxf7 a5 17. a3 Qe4 18. c4 Qxc4 19. Nxa5 Nxa5 20. Qxe7 Qe4 21. Rac1 Nc6 22. Qf7 R5d7 23. Qh5 Rg8 24. g3 Rdg7 25. Rfe1 Qa4 26. Qe2 Rg4 27. Red1 e4 28. Rd5 Qb3 29. Rcd1 b6 30. Rd7 h5 31. R7d5 h4 32. Kg2 hxg3 33. hxg3 Qa4 34. Rd7 Ne5 35. Rd8+ Rxd8 36. Rxd8+ Kb7 37. Bf4 e3 38. Rd1 Qc6+ 39. f3 Rxf4 40. gxf4 Qg6+ 41. Kf1 Nc6 42. Qxe3 Qg3 43. Qe4 Qh3+ 44. Ke1 1-0


[Site "https://www.chess.com"]

[Event "Titled Tuesday Blitz May 9 Early 2023"]
[White "Brunner, Nicolas"]
[Black "Mohammed, Zozek Salah Mohammed"]
[WhiteFideId "620246"]
[BlackFideId "4803361"]
[WhiteElo "2327"]
[BlackElo "2211"]
[Result "1-0"]
[Round "06"]
[TimeControl "180+2"]
[Date "2023.05.09"]
[WhiteClock "0:00:24"]
[BlackClock "0:00:00"]

1. Nf3 d5 2. g3 c6 3. Bg2 Nf6 4. O-O e6 5. d4 Nbd7 6. c4 dxc4 7. a4 Rb8 8. Nfd2 c5 9. Nxc4 cxd4 10. Qxd4 Bc5 11. Nd6+ Ke7 12. Nxc8+ Rxc8 13. Qd3 Qb6 14. Nc3 Rhd8 15. Qb5 Ng4 16. Qxb6 Nxb6 17. Bxb7 Rc7 18. Bg2 Nc4 19. Ne4 Bd4 20. Rb1 f5 21. Bg5+ Nf6 22. Nxf6 gxf6 23. Bf4 e5 24. Bc1 Rb8 25. b4 Bc3 26. b5 a6 27. Rd1 axb5 28. axb5 e4 29. f3 e3 30. f4 Nd2 31. Bxd2 exd2 32. Kf1 Rc5 33. Bc6 Kd6 34. e3 Rb6 35. Ke2 Ba5 36. Ra1 Bb4 37. Ra2 Bc3 38. Rc2 Bb4 39. Rb2 Bc3 40. Rb3 1-0


[Site "https://www.chess.com"]

[Event "Titled Tuesday Blitz May 9 Early 2023"]
[White "Hoffmann, Asa"]
[Black "Sreyas Payyappat"]
[WhiteFideId "2001470"]
[BlackFideId "46674969"]
[WhiteElo "2117"]
[BlackElo "2043"]
[Result "0-1"]
[Round "06"]
[TimeControl "180+2"]
[Date "2023.05.09"]
[WhiteClock "0:00:30"]
[BlackClock "0:00:12"]

1. d4 Nf6 2. Bg5 d5 3. Nd2 c5 4. c3 Nc6 5. e3 e5 6. Bb5 exd4 7. exd4 cxd4 8. cxd4 Bb4 9. Nf3 O-O 10. O-O Bg4 11. h3 Bxd2 12. Bxf6 Qxf6 13. hxg4 Ba5 14. Bxc6 bxc6 15. Rc1 Rac8 16. Ne5 Rfe8 17. f4 Bb6 18. Qd3 Qe6 19. g5 f6 20. gxf6 gxf6 21. Nf3 Qe4 22. Qd2 Qe3+ 23. Qxe3 Rxe3 24. Rfe1 Rd3 25. Rcd1 Rxd1 26. Rxd1 Kf7 27. Kf2 Ke6 28. Rh1 Rc7 29. g4 Rg7 30. g5 fxg5 31. Nxg5+ Kf5 32. Kf3 Bxd4 33. Rxh7 Rxh7 34. Nxh7 c5 35. b3 c4 36. bxc4 dxc4 37. Ng5 c3 38. Ke2 Kxf4 39. Nh3+ Kg4 40. Ng1 Bxg1 41. Kd3 Bd4 0-1


[Site "https://www.chess.com"]

[Event "Titled Tuesday Blitz May 9 Early 2023"]
[White "Kalajzic, Ivan"]
[Black "ArtemDyachuk"]
[WhiteFideId "14506378"]
[WhiteElo "2203"]
[BlackElo "2542"]
[Result "1-0"]
[Round "06"]
[TimeControl "180+2"]
[Date "2023.05.09"]
[WhiteClock "0:01:25"]
[BlackClock "0:00:19"]

1. b3 e5 2. Bb2 Nc6 3. e3 d5 4. Bb5 Bd6 5. f4 d4 6. fxe5 Bxe5 7. Nf3 Bf6 8. Bxc6+ bxc6 9. Bxd4 c5 10. Bxf6 Qxf6 11. Nc3 Ne7 12. O-O O-O 13. Qe1 Bb7 14. Nh4 Qe6 15. Qg3 Rad8 16. Rf2 f6 17. Raf1 Kh8 18. d3 g5 19. Nf5 Ng6 20. e4 Nf4 21. Rxf4 Qe5 22. Ne2 Rg8 23. R4f2 Qb2 24. Ne3 Rdf8 25. Qxc7 Rg7 26. Qxc5 Rc8 27. Qd4 Qxa2 28. Rxf6 a5 29. Rf8+ 1-0


[Site "https://www.chess.com"]

[Event "Titled Tuesday Blitz May 9 Early 2023"]
[White "Avalos Parra, Joao"]
[Black "Kokoszczynski, Jan"]
[WhiteFideId "3402541"]
[BlackFideId "1174460"]
[WhiteElo "2173"]
[BlackElo "2139"]
[Result "1-0"]
[Round "06"]
[TimeControl "180+2"]
[Date "2023.05.09"]
[WhiteClock "0:00:15"]
[BlackClock "0:00:00"]

1. d4 Nf6 2. c4 e6 3. Nf3 d5 4. Nc3 Bb4 5. cxd5 exd5 6. Bg5 h6 7. Bh4 O-O 8. e3 c6 9. Bd3 Re8 10. O-O Nbd7 11. Rc1 Be7 12. a3 a5 13. Bb1 b5 14. Ne2 Bb7 15. Qc2 Rc8 16. Ne5 Nf8 17. f4 Ne4 18. Bxe7 Qxe7 19. Nc3 Nd6 20. Rce1 b4 21. Na4 Ba6 22. Rf3 Ne4 23. Qc1 c5 24. Nb6 cxd4 25. Nxc8 Rxc8 26. Qd1 bxa3 27. bxa3 Nc3 28. Qd2 f6 29. Nd3 Nxb1 30. Rxb1 Qe4 31. Rd1 Rc3 32. Nf2 Qe6 33. Qxd4 Rxa3 34. Nd3 Bc4 35. Nc5 Qf7 36. e4 dxe4 37. Rxa3 1-0


[Site "https://www.chess.com"]

[Event "Titled Tuesday Blitz May 9 Early 2023"]
[White "Zampronha, Wladimir Camilo"]
[Black "Moore, Nicholas"]
[WhiteFideId "2103087"]
[BlackFideId "4303709"]
[WhiteElo "2176"]
[BlackElo "2525"]
[Result "0-1"]
[Round "06"]
[TimeControl "180+2"]
[Date "2023.05.09"]
[WhiteClock "0:00:46"]
[BlackClock "0:00:47"]

1. e4 c5 2. Nf3 e6 3. d4 cxd4 4. Nxd4 Nc6 5. Nc3 Qc7 6. Be2 a6 7. O-O Nf6 8. Be3 Bb4 9. Na4 Be7 10. Nxc6 bxc6 11. c4 c5 12. Qc2 d6 13. Rfd1 Bb7 14. f3 O-O 15. Rd2 Nd7 16. Rad1 Rfd8 17. Bf4 Ne5 18. Bxe5 dxe5 19. Rxd8+ Rxd8 20. Rxd8+ Qxd8 21. Qd1 Qd4+ 22. Qxd4 exd4 23. b3 f5 24. exf5 exf5 25. Bd3 g6 26. Kf2 Kf7 27. Nb2 Bg5 28. Bc2 Be3+ 29. Ke2 Bf4 30. Nd3 Bd6 31. Kf2 a5 32. g3 Kf6 33. Bd1 g5 34. f4 h6 35. Bf3 Be4 36. fxg5+ hxg5 37. Be2 g4 38. Bf1 Kg5 39. Be2 Kh6 40. Bf1 Kh5 41. Be2 Kg5 42. Bf1 Bc6 43. Be2 a4 44. Bd1 a3 45. Be2 Be4 46. Bf1 Kf6 47. Be2 Ke7 48. Ke1 Kf6 49. Kf2 Kg5 50. Bf1 Bf3 51. Be2 Bxe2 52. Kxe2 f4 53. Kf2 f3 54. Ke1 Kf5 55. Kd2 Be7 56. Nf2 Bg5+ 57. Kd3 Be3 58. Nd1 f2 59. Ke2 Ke4 60. Nxf2+ Bxf2 61. Kxf2 Kd3 62. h4 gxh3 63. Kf3 Kc2 64. g4 h2 65. g5 h1=Q+ 0-1


[Site "https://www.chess.com"]

[Event "Titled Tuesday Blitz May 9 Early 2023"]
[White "Nguyen, Hong Anh"]
[Black "Smith, Shreyas"]
[WhiteFideId "12406732"]
[BlackFideId "7400713"]
[WhiteElo "2054"]
[BlackElo "2151"]
[Result "1-0"]
[Round "06"]
[TimeControl "180+2"]
[Date "2023.05.09"]
[WhiteClock "0:00:50"]
[BlackClock "0:00:00"]

1. d4 d5 2. c4 e6 3. Nc3 a6 4. cxd5 exd5 5. Nf3 c6 6. Bg5 Be7 7. Bxe7 Nxe7 8. e3 O-O 9. Bd3 Bf5 10. O-O Bxd3 11. Qxd3 Nd7 12. b4 g6 13. a4 Nf5 14. h3 Nd6 15. b5 axb5 16. axb5 Qe7 17. bxc6 bxc6 18. Nd2 f5 19. Ra6 Rac8 20. Ra7 Qe6 21. Rfa1 f4 22. exf4 Rxf4 23. Ne2 Rf7 24. Nf3 Qf6 25. Ng3 Re8 26. Rc7 Ne4 27. Raa7 Ree7 28. Ra6 Qd6 29. Rcxc6 Qf4 30. Ne2 Qh6 31. Rc8+ Kg7 32. Raa8 Ndf6 33. Ne5 Qh4 34. Ng3 Nxg3 35. fxg3 Qg5 36. Nxf7 Re1+ 37. Kh2 Kxf7 38. Rc7+ Re7 39. Rxe7+ Kxe7 40. Ra7+ Kf8 41. Qa3+ Kg8 42. Qe7 1-0


[Site "https://www.chess.com"]

[Event "Titled Tuesday Blitz May 9 Early 2023"]
[White "Mrudul Dehankar"]
[Black "I_KID_you_not"]
[WhiteFideId "25096990"]
[WhiteElo "2139"]
[BlackElo "2292"]
[Result "0-1"]
[Round "06"]
[TimeControl "180+2"]
[Date "2023.05.09"]
[WhiteClock "0:00:00"]
[BlackClock "0:01:11"]

1. e4 c5 2. Nf3 Nc6 3. d4 cxd4 4. Nxd4 Nf6 5. Nc3 h5 6. Bg5 Qa5 7. Bxf6 gxf6 8. Nb3 Qe5 9. g3 e6 10. f4 Qd6 11. Qf3 a6 12. Bd3 b5 13. O-O-O Qb8 14. Rhe1 Bb4 15. Bf1 h4 16. a3 Bxc3 17. Qxc3 hxg3 18. Qxf6 Rxh2 19. e5 Ne7 20. Bd3 Bb7 21. Qg7 Qc7 22. Qxg3 Rh8 23. Qg5 Rg8 24. Qh4 Bf3 25. Rg1 Bxd1 26. Rxg8+ Nxg8 27. Kxd1 d6 28. Qg5 Ne7 29. Qf6 dxe5 30. fxe5 O-O-O 31. Nd2 Nc6 32. Nf3 Nd4 0-1


[Site "https://www.chess.com"]

[Event "Titled Tuesday Blitz May 9 Early 2023"]
[White "Lehtosaari, Mauri"]
[Black "Antonio, Jorge Carlos"]
[WhiteFideId "501999"]
[BlackFideId "113190"]
[WhiteElo "2515"]
[BlackElo "2247"]
[Result "1-0"]
[Round "06"]
[TimeControl "180+2"]
[Date "2023.05.09"]
[WhiteClock "0:00:14"]
[BlackClock "0:00:06"]

1. d4 d5 2. Nf3 c6 3. Bg5 h6 4. Bh4 Nf6 5. Nbd2 Bf5 6. c4 e6 7. Qb3 Qb6 8. c5 Qxb3 9. axb3 Nbd7 10. b4 g5 11. Bg3 Ne4 12. e3 Nxg3 13. hxg3 f6 14. b5 e5 15. b4 e4 16. Ng1 Bg7 17. Ne2 Bg6 18. Nc3 Kf7 19. bxc6 bxc6 20. b5 cxb5 21. Bxb5 Ke6 22. Bc6 Rab8 23. Bxd5+ Ke7 24. Rxa7 Rb2 25. c6 Be8 26. cxd7 Bxd7 27. Ndxe4 Rc2 28. O-O Rd8 29. Bb3 Rb2 30. Ba4 f5 31. Nc5 f4 32. Nxd7 fxe3 33. Ne5+ Kf6 34. fxe3+ Ke6 35. Ne4 Bxe5 36. dxe5 Kxe5 37. Nf2 Rdd2 38. Ra6 h5 39. Rh6 Ra2 40. Bb3 Rab2 41. Bf7 h4 42. gxh4 g4 43. Nxg4+ Ke4 44. Nf2+ Kxe3 45. Re6+ Kd4 46. Re4+ Kc3 47. Rg4 Rb7 48. Bg6 Rb6 49. Ne4+ Kd3 50. Nxd2+ Kxd2 51. h5 1-0


[Site "https://www.chess.com"]

[Event "Titled Tuesday Blitz May 9 Early 2023"]
[White "Shvedova, Alexandra"]
[Black "Winkels, Marcel"]
[WhiteFideId "54154782"]
[BlackFideId "1003887"]
[WhiteElo "1973"]
[BlackElo "1900"]
[Result "1-0"]
[Round "06"]
[TimeControl "180+2"]
[Date "2023.05.09"]
[WhiteClock "0:01:07"]
[BlackClock "0:00:00"]

1. d4 Nf6 2. c4 g6 3. Nf3 d5 4. cxd5 Bg7 5. g3 O-O 6. Bg2 Nxd5 7. O-O Nb6 8. Nc3 Nc6 9. e3 Re8 10. a3 e5 11. d5 Na5 12. e4 Nac4 13. b3 Nd6 14. Qe2 Bg4 15. h3 Bxf3 16. Bxf3 c6 17. Rd1 cxd5 18. Nxd5 Nxd5 19. Rxd5 Qe7 20. Be3 b6 21. Rad1 Red8 22. Qd2 Nb7 23. Bg5 f6 24. Be3 Bf8 25. Be2 Rxd5 26. Qxd5+ Kh8 27. Bc4 Bg7 28. Qd7 Re8 29. Qxe7 Rxe7 30. b4 h5 31. h4 Rc7 32. Bb5 Kh7 33. Ba6 Bh6 34. f4 Kg7 35. Kf2 Kf7 36. Ke2 Ke6 37. f5+ gxf5 38. Bxh6 fxe4 39. Bf8 Rf7 40. Bc4+ 1-0


[Site "https://www.chess.com"]

[Event "Titled Tuesday Blitz May 9 Early 2023"]
[White "Vidruska, Renate"]
[Black "Hayrapetyan, Hovik"]
[WhiteFideId "11601841"]
[BlackFideId "13302639"]
[WhiteElo "1976"]
[BlackElo "2348"]
[Result "1/2-1/2"]
[Round "06"]
[TimeControl "180+2"]
[Date "2023.05.09"]
[WhiteClock "0:01:25"]
[BlackClock "0:01:34"]

1. e4 c5 2. Nf3 d6 3. d4 cxd4 4. Nxd4 Nf6 5. Nc3 a6 6. g3 e5 7. Nde2 b5 8. Bg2 Be7 9. O-O O-O 10. Nd5 Nxd5 11. Qxd5 Qc7 12. Qxa8 Nc6 13. Nc3 Bb7 14. Nd5 Qd7 15. Nb6 Qc7 16. Nd5 Qd7 17. Nb6 Qc7 18. Nd5 1/2-1/2


[Site "https://www.chess.com"]

[Event "Titled Tuesday Blitz May 9 Early 2023"]
[White "Andrews, Todd"]
[Black "Mirzoev, Azer"]
[WhiteFideId "2012456"]
[BlackFideId "13400304"]
[WhiteElo "2173"]
[BlackElo "2525"]
[Result "0-1"]
[Round "06"]
[TimeControl "180+2"]
[Date "2023.05.09"]
[WhiteClock "0:00:04"]
[BlackClock "0:01:02"]

1. e4 c5 2. Nf3 e6 3. d4 cxd4 4. Nxd4 a6 5. Bd3 Nc6 6. Nb3 Nf6 7. Nc3 b5 8. f4 b4 9. Na4 d6 10. Be3 Rb8 11. g4 Nd7 12. Qf3 Be7 13. g5 Bb7 14. O-O-O Qc7 15. Kb1 Na5 16. Nxa5 Qxa5 17. b3 Rc8 18. Bd4 e5 19. Bb2 Bc6 20. f5 Bxa4 21. bxa4 Bxg5 22. h4 Bf6 23. Qe2 Nc5 24. Bc4 Ke7 25. Rd5 Qxa4 26. Rhd1 Rcd8 27. Qh5 Rhf8 28. R5d2 Nxe4 29. Re2 Nc3+ 30. Bxc3 bxc3 31. Ka1 Qxc4 32. Re3 Rb8 0-1


[Site "https://www.chess.com"]